 Dungeon Crawl Stone Soup version 0.32-a0-643-ga006e7742e (webtiles) character file.

Game seed: 8669251340461551789

142 adelrune the Trooper (level 5, -7/41 HPs)
             Began as a Coglin Warper on Mar 7, 2024.
             Was an Initiate of Yredelemnul.
             Mangled by a gnoll
             ... wielding a +1 spear of venom
              (10 damage)
             ... on level 4 of the Dungeon.
             The game lasted 00:06:29 (1848 turns).

adelrune the Trooper (Coglin Warper)                Turns: 1848, Time: 00:06:29

Health: -7/41      AC:  8    Str: 13    XL:     5   Next: 24%
Magic:  7/7        EV: 10    Int: 13    God:    Yredelemnul [......]
Gold:   92         SH:  0    Dex: 13    Spells: 7/7 levels left

rFire   . . .        o - +8 demon blade "Leech" {evervamp, Harm ^Drain rN+}
rCold   . . .        e - +0 dagger {Qiu}
rNeg    + . .        h - +0 ring mail
rPois   .            (no helmet)
rElec   .            (no cloak)
rCorr   .            (no gloves)
SInv    .            p - +2 pair of boots
Will    .....        (amulet unavailable)
Stlth   +            (ring unavailable)
HPRegen 0.26/turn    (ring unavailable)
MPRegen 0.10/turn    (no gizmo)

%: harm (+30% outgoing, +20% incoming)
@: lethally poisoned (-7 -> -28), wreathed by umbra, revving
A: off-hand wielding, slow wielding, warmup strikes, no jewellery
a: Invent Gizmo, Renounce Religion, Light the Black Torch, Recall Undead Harvest


You were on level 4 of the Dungeon.
You worshipped Yredelemnul.
Yredelemnul was noncommittal.
You visited 2 branches of the dungeon, and saw 5 of its levels.

You collected 92 gold pieces.

Inventory:

Hand Weapons
 a - a +0 hand axe {Sukanya}
 e - a +0 dagger (offhand) {Qiu}
 o - the +8 demon blade "Leech" (weapon) {evervamp, Harm ^Drain rN+}
   (You found it on level 2 of the Dungeon)

   rN+:       It protects you from negative energy.
   ^Drain:    It drains your maximum health when unequipped.
   Harm:      It increases damage dealt and taken.
 q - a +0 long sword {Nakurtum}
Missiles
 d - 7 darts of dispersal (quivered)
Armour
 b - a +0 leather armour
 h - a +0 ring mail (worn)
 j - a +0 chain mail
 p - a +2 pair of boots (worn)
Scrolls
 c - a scroll of blinking
 f - a scroll of fog {unknown}
 g - a scroll of enchant armour {unknown}
 k - a scroll of fear {unknown}
 m - 3 scrolls of identify {unknown}
 n - a scroll of torment {unknown}
 r - a scroll of poison {unknown}
Potions
 i - a potion of attraction {unknown}
 l - a potion of cancellation {unknown}
 s - a potion of curing {unknown}


   Skills:
 + Level 3.1 Fighting
 * Level 2.3 Long Blades
 - Level 2.9 Axes
 - Level 0.8 Throwing
 + Level 2.2 Armour
 - Level 1.7 Dodging
 - Level 1.7 Spellcasting
 - Level 3.0 Translocations


You had 7 spell levels left.
You didn't know any spells.
Your spell library contained the following spells:

 Spells                   Type           Power      Damage    Failure   Level
 Apportation              Tloc           16%        N/A       16%         1
 Blink                    Tloc           16%        N/A       24%         2
 Lesser Beckoning         Tloc           16%        N/A       24%         2
 Teleport Other           Tloc           8%         N/A       43%         3
 Necrotise                Necr           4%         1d4       50%         1
 Sting                    Conj/Alch      4%         1d3       50%         1
 Summon Small Mammal      Summ           4%         N/A       50%         1
 Static Discharge         Conj/Air       2%         3-4/arc   63%         2
 Manifold Assault         Tloc           8%         N/A       85%         4
 Vhi's Electric Charge    Tloc/Air       10%        N/A       96%         4
 Airstrike                Air            0%         2d(1-17)  99%         4
 Summon Lightning Spire   Summ/Air       1%         N/A       99%         4


Dungeon Overview and Level Annotations

Branches:
Dungeon (4/15)             Temple (1/1) D:4

Altars:
Ashenzari
Cheibriados
Dithmenos
Fedhas
Gozag
Hepliaklqana
Kikubaaqudgha
Makhleb
Nemelex Xobeh
Okawaru
Qazlal
Sif Muna
Uskayaw
Vehumet
Xom
Yredelemnul
Zin
The Shining One


Innate Abilities, Weirdness & Mutations

You can wield a second weapon in your off-hand.
It takes a long time for you to wield or remove held weapons.
Your first few attacks do less damage.
You cannot equip rings or amulets.


Message History

You swap places.
You feel very sick.
The gnoll hits you with a +1 spear of venom.
You are lethally poisoned!
The gnoll barely misses you.
You hit the gnoll with the +8 demon blade "Leech".
You feel better.
The gnoll is moderately wounded.
You hit the gnoll but do no damage.
* * * LOW HITPOINT WARNING * * *
You feel very sick.
The gnoll hits you with a +1 spear of venom.
* * * LOW HITPOINT WARNING * * *
You are more poisoned.
The gnoll hits you but does no damage.
You completely miss the gnoll with your +0 dagger.
You slash the gnoll with the +8 demon blade "Leech"!
You feel better.
You kill the gnoll!
Their soul becomes fuel for the torch.
The dead are walking!
You feel extremely sick. The gnoll barely misses you.
You slash the gnoll with the +8 demon blade "Leech"!
You feel better.
You kill the gnoll!
Their soul becomes fuel for the torch.
* * * LOW HITPOINT WARNING * * *
You feel very sick.
The gnoll hits you with a +1 spear of venom.
* * * LOW HITPOINT WARNING * * *
You are more poisoned.
You closely miss the gnoll with your +0 dagger.
The gnoll is lightly wounded.
You barely miss the gnoll with the +8 demon blade "Leech".
* * * LOW HITPOINT WARNING * * *
You feel extremely sick.
The gnoll hits you with a +1 spear of venom!
You die...
Your body rises from the dead as a mindless zombie.

#..............#
##..............#
................. +##
........#'###'####..# #
........+.......#...##..
........#.......#.......
#########.......#.......
#........#Z......
###+###.Z@g#'
#......####s....#
....... ....# .......
..[# ....... ..# .......
.+ ....... # .......


You could see a scorpion, a gnoll (ally target), a friendly ribbon worm zombie
and a friendly gnoll zombie.

Vanquished Creatures
  6 gnolls (D:4)
  4 adders
  A dart slug (D:4)
  A ribbon worm (D:4)
  2 orcs (D:4)
  A bat (D:2)
  5 endoplasms
  A giant cockroach (D:2)
  2 goblins
  7 hobgoblins
  4 ball pythons
  5 kobolds (D:2)
  2 rats (D:2)
41 creatures vanquished.

Vanquished Creatures (collateral kills)
  A hobgoblin (D:4)
1 creature vanquished.

Vanquished Creatures (others)
  A goblin zombie (D:4)
1 creature vanquished.

Grand Total: 43 creatures vanquished

Notes
Turn   | Place    | Note
-------+----------+-------------------------------------------
     0 | D:1      | adelrune the Coglin Warper began the quest for the Orb.
     0 | D:1      | Reached XP level 1. HP: 16/16 MP: 3/3
    58 | D:1      | Reached skill level 1 in Armour
   197 | D:1      | Reached XP level 2. HP: 22/22 MP: 4/4
   272 | D:1      | Found a faded altar of an unknown god.
   773 | D:2      | Found a broken altar of Ashenzari.
   800 | D:2      | Reached XP level 3. HP: 20/28 MP: 5/5
  1029 | D:2      | Found the +8 demon blade "Leech" {evervamp, Harm ^Drain
                  | rN+}
  1450 | D:3      | Reached skill level 1 in Long Blades
  1483 | D:3      | Reached XP level 4. HP: 34/34 MP: 6/6
  1486 | D:3      | Noticed a gnoll sergeant
  1651 | D:4      | Found a staircase to the Ecumenical Temple.
  1667 | Temple   | Entered the Ecumenical Temple
  1683 | Temple   | Became a worshipper of Yredelemnul the Fallen
  1793 | D:4      | Reached XP level 5. HP: 41/41 MP: 7/7
  1848 | D:4      | Mangled by a gnoll

Illustrated notes

Levels and vault maps discovered:
D:1:      beargit_arrival_greenhouse, layout_loops_cross,
          shapermc_ecumenical_altar_mp_vishouse
D:2:      layout_basic, basic_altar, chequers_serial_rivers_micro_b
D:3:      layout_loops_ring, minmay_distorted
D:4:      layout_gridville, minmay_temple_entry_grid, minmay_ruptured
Temple:   hc_temple_tempest_star

Skill      XL: |  1  2  3  4 |
---------------+-------------+-----
Armour         | 1 2 |  2.2
Long Blades    | 1 2 |  2.3
Fighting       | 3 |  3.1
Axes           | |  2.9
Throwing       | |  0.8
Dodging        | |  1.7
Spellcasting   | |  1.7
Translocations | |  3.0

Action                     |  1- 3 |  4- 6 || total
---------------------------+-------+-------++-------
  Melee: Hand axe          |    51 |       ||    51
         Dagger            |    60 |    21 ||    81
         Demon blade       |    12 |    28 ||    40
 Invoke: Light the Black T |       |     1 ||     1
 Armour: Leather armour    |    13 |       ||    13
         Chain mail        |    48 |       ||    48
         Ring mail         |     8 |    24 ||    32
  Dodge: Dodged            |    20 |    14 ||    34

Table legend: (Time is in decaauts)
 A = Elapsed time spent in this place.
 B = Non-inter-level travel time spent in this place.
 C = Inter-level travel time spent in this place.
 D = Time resting spent in this place.
 E = Time spent auto-exploring this place.
 F = Levels seen in this place.
 G = Mean time per level.
                   A        B        C        D        E       F      G
               +--------+--------+--------+--------+--------+-----+--------+
         Total |   1857 |   1737 |    120 |     87 |   1245 |   5 |  371.4 |
       Dungeon |   1825 |   1720 |    105 |     87 |   1245 |   4 |  456.2 |
        Temple |     32 |     17 |     15 |      0 |      0 |   1 |   32.0 |
               +--------+--------+--------+--------+--------+-----+--------+

Top non-repeatable levels by time:
     D:1: 695 daAuts
     D:2: 672 daAuts
     D:4: 304 daAuts
     D:3: 154 daAuts
  Temple: 32 daAuts
